AoeStats
← l1si

Hideout

514347805Analyzed
3v3 RM · 1d ago on Oct 17, 2026· 72m 0s· 6 players
Game mode
Random Map
Map size
Normal (6 player)
Population
200
Speed
Normal
Resources
Standard
Victory
Conquest
Starting age
Dark Age
Ending age
Imperial Age
RankedLock teamsTeams togetherTeam positionsShared explorationLock speedFull tech treeHidden civsTurbo modeCheats
Victory
Defeat
🇨🇾 Khmer · Cyprus
905
+12
🇨🇾 Inca · Cyprus
885
+13
🇨🇾 Tatars · Cyprus
599
+24
vs
🇳🇱 Saracens · Netherlands
855
-18
🇬🇷 Bulgarians · Greece
802
-16
🇩🇪 Goths · Germany
779
-15
l1si
12:01 Loom
14:21 Feudal Age
15:10 Champi Runner
15:45 Double-Bit Axe
15:57 Horse Collar
17:25 Wheelbarrow
24:55 Castle Age
22:54 Fletching
23:40 Padded Archer Armor
25:34 Gold Mining
25:35 Stone Mining
26:00 Bow Saw
28:49 Hand Cart
29:51 Squires
30:03 Thumb Ring
30:31 Heavy Plow
30:53 Champi Warrior
34:14 Gold Shaft Mining
37:04 Pikeman
38:43 Crossbowman
39:32 Bodkin Arrow
44:48 Imperial Age
44:01 Stone Shaft Mining
45:33 Elite Champi Warrior
48:22 Arson
49:33 Caravan
LEO420
4:44 Loom
10:40 Feudal Age
11:34 Double-Bit Axe
12:25 Horse Collar
14:51 Wheelbarrow
19:33 Castle Age
19:44 Pikeman
20:47 Stone Mining
23:38 Gold Mining
27:03 Fortified Wall
29:29 Bow Saw
32:56 Imperial Age
30:41 Arson
33:53 Halberdier
36:09 Ballistics
36:18 Siege Engineers
37:05 Caravan
37:26 Heavy Scorpion
39:35 Chemistry
38:30 Fletching
38:55 Forging
39:44 Double Crossbow
45:44 Iron Casting
45:10 Scale Mail Armor
45:11 Padded Archer Armor
45:07 Bodkin Arrow
51:25 Scale Barding Armor
52:21 Blast Furnace
51:36 Chain Mail Armor
51:22 Bracer
51:38 Leather Archer Armor
54:07 Chain Barding Armor
54:06 Masonry
55:55 Conscription
56:02 Conscription
62:01 Capped Ram
68:16 Hand Cart
67:47 Town Watch
68:30 Town Patrol
tolislambrou
11:28 Feudal Age
12:53 Wheelbarrow
12:32 Double-Bit Axe
19:14 Castle Age
17:07 Horse Collar
18:45 Gold Mining
18:48 Stone Mining
22:43 Bow Saw
22:35 Heavy Plow
23:16 Gold Shaft Mining
25:53 Hand Cart
29:16 Forging
29:12 Scale Barding Armor
36:25 Imperial Age
36:43 Chain Barding Armor
37:25 Ballistics
36:31 Elite Keshik
38:10 Bloodlines
38:01 Husbandry
38:27 Silk Armor
38:43 Timurid Siegecraft
38:36 Silk Armor
43:20 Conscription
43:46 Siege Engineers
44:42 Chemistry
44:46 Iron Casting
44:47 Plate Barding Armor
44:13 Padded Archer Armor
44:03 Fletching
47:54 Heavy Cavalry Archer
49:45 Blast Furnace
56:21 Light Cavalry
Maximumraver
11:43 Feudal Age
11:43 Loom
11:47 Man-at-Arms
17:36 Horse Collar
22:51 Castle Age
21:04 Fletching
21:29 Padded Archer Armor
22:01 Town Watch
22:53 Wheelbarrow
22:48 Double-Bit Axe
23:32 Elite Skirmisher
26:29 Town Patrol
27:47 Stone Mining
28:35 Hand Cart
29:14 Thumb Ring
29:34 Ballistics
30:46 Heavy Plow
38:38 Masonry
41:07 Imperial Age
41:04 Pikeman
41:44 Squires
42:44 Scale Barding Armor
42:43 Scale Mail Armor
43:45 Chemistry
42:12 Onager
43:22 Conscription
43:15 Bimaristan
44:39 Siege Onager
48:12 Fortified Wall
R3w1nd
12:49 Feudal Age
13:30 Horse Collar
19:33 Castle Age
17:39 Double-Bit Axe
21:29 Heavy Plow
21:42 Bow Saw
27:00 Wheelbarrow
31:04 Imperial Age
29:17 Hand Cart
29:57 Loom
31:06 Scale Mail Armor
31:16 Forging
32:31 Treadmill Crane
34:09 Conscription
33:52 Perfusion
33:55 Anarchy
34:24 Chain Mail Armor
34:45 Iron Casting
35:13 Two-Man Saw
34:45 Crop Rotation
35:20 Chemistry
34:25 Caravan
35:23 Town Watch
37:06 Elite Huskarl
39:36 Blast Furnace
39:18 Squires
38:42 Pikeman
42:41 Halberdier
Tom Varvaros
11:04 Feudal Age
11:25 Horse Collar
11:31 Double-Bit Axe
12:42 Wheelbarrow
11:52 Town Watch
11:59 Gold Mining
16:53 Stone Mining
23:37 Castle Age
23:26 Forging
23:17 Scale Mail Armor
24:29 Bow Saw
24:21 Heavy Plow
25:00 Gold Shaft Mining
25:03 Stone Shaft Mining
24:18 Gambesons
23:55 Pikeman
24:23 Arson
24:40 Squires
24:04 Elite Skirmisher
25:41 Hand Cart
26:28 Town Patrol
27:18 Iron Casting
26:58 Chain Mail Armor
28:00 Thumb Ring
29:35 Fletching
29:45 Padded Archer Armor
35:20 Bodkin Arrow
35:40 Leather Archer Armor
37:44 Scale Barding Armor
40:17 Caravan
44:03 Imperial Age
44:08 Elite Konnik
44:46 Stirrups
44:55 Bagains
45:16 Conscription
44:58 Cavalier
45:02 Light Cavalry
45:55 Bloodlines
45:48 Husbandry
45:29 Onager
47:29 Crop Rotation
47:01 Bracer
48:02 Blast Furnace
47:33 Plate Mail Armor
47:23 Chain Barding Armor
47:32 Hussar
50:09 Siege Onager
52:07 Plate Barding Armor
54:16 Cavalier
54:55 Stirrups
55:21 Conscription
55:12 Loom
56:20 Coinage
55:57 Devotion
57:07 Bagains
57:37 Illumination
58:36 Chemistry
57:33 Murder Holes
57:49 Clinker Construction
57:45 Siege Engineers
57:51 Masonry
58:24 Fervor
59:03 Theocracy
59:24 Parthian Tactics
59:50 Banking
59:57 Ballistics
59:28 Guard Tower
59:57 Heated Shot
60:15 Herbal Medicine
61:09 Careening
62:15 Redemption
63:15 Heavy Scorpion
63:16 Capped Ram
65:05 Halberdier
67:18 Architecture
66:39 Heated Shot
67:10 Ballistics
66:41 Guard Tower
67:01 Careening
71:36 Keep
Connection lost

Rejoining the realm…

Still unreachable

The connection could not be restored.

Session expired

The server has moved on; the page needs a fresh start.